 Dungeon Crawl Stone Soup version 0.18-a0-1666-g3ea6f2b (webtiles) character file.

47658 dohliylev the Imperceptible (level 14, -9/96 HPs)
             Began as a Vampire Enchanter on Mar 31, 2016.
             Was a High Priest of Dithmenos.
             Mangled by a harpy (10 damage)
             ... on level 1 of the Shoals.
             The game lasted 08:19:52 (24327 turns).

dohliylev the Imperceptible (Vampire Enchanter)    Turns: 24327, Time: 08:19:53

Health: -9/96      AC:  9    Str:  7    XL:     14   Next: 9%
Magic:  0/27       EV: 23    Int: 18    God:    Dithmenos [*****.]
Gold:   1297       SH:  0    Dex: 23    Spells: 8 memorised, 11 levels left

rFire  + + .     SeeInvis +     a - +3 dagger (vamp)
rCold  + + .     Gourm    .     E - +1 robe "Itixyef" {rPois rF++ Dex+4}
rNeg   + + .     Faith    .     (no shield)
rPois  +         Spirit   +     b - +2 helmet {rF+}
rElec  .         Dismiss  .     k - +1 cloak {+Inv}
rCorr  .         Reflect  .     Q - +0 pair of gloves
SustAt .         Harm     .     (no boots)
MR     +....                    t - amulet of guardian spirit
Stlth  +++++++++.               R - ring of ice
                                x - +1 ring of evasion

@: about to teleport, mesmerised, regenerating slowly, wreathed by umbra,
somewhat resistant to hostile enchantments, incredibly stealthy
A: fangs 3, see invisible, unbreathing
a: Bat Form, Shadow Step, Shadow Form, Renounce Religion, Evoke Invisibility


You were on level 1 of the Shoals.
You worshipped Dithmenos.
Dithmenos was extremely pleased with you.
You were thirsty.

You visited 3 branches of the dungeon, and saw 17 of its levels.
You also visited: Labyrinth and Volcano.

You collected 1297 gold pieces.

Inventory:

Hand Weapons
 a - a +3 vampiric dagger (weapon)
 y - a +0 blowgun
 C - a +2 dagger of flaming
Missiles
 z - 69 poisoned needles
 F - 8 needles of sleeping
Armour
 b - a +2 helmet of fire resistance (worn)
 k - a +1 cloak of invisibility (worn)
 E - the +1 robe "Itixyef" (worn) {rPois rF++ Dex+4}
   (You found it on level 6 of the Dungeon)

   It affects your dexterity (+4).
   It greatly protects you from fire.
   It protects you from poison.
 Q - a +0 pair of gloves (worn)
Magical Staves
 g - an uncursed staff of power
Jewellery
 t - an amulet of guardian spirit (around neck)
 x - a +1 ring of evasion (left hand)
 B - an uncursed amulet of harm
 I - a +4 ring of strength
 L - a cursed +3 ring of protection
 R - a ring of ice (right hand)
Wands
 q - a wand of polymorph (6/24)
Scrolls
 j - 3 scrolls of magic mapping
 o - a scroll of torment {unknown}
 r - 2 scrolls of teleportation
 v - 3 scrolls of blinking
 w - 7 scrolls of fog
 A - a scroll of fear
 D - 2 scrolls of recharging {unknown}
 G - 2 scrolls of identify
 K - 3 scrolls of amnesia
 M - 2 scrolls of summoning {unknown}
 X - a scroll of remove curse
Potions
 d - 39 potions of blood
 e - a potion of invisibility {unknown}
 f - 2 potions of lignification {unknown}
 h - 6 potions of curing {unknown}
 i - 2 potions of flight {unknown}
 l - 4 potions of degeneration {unknown}
 m - 4 potions of cancellation {unknown}
 p - 4 potions of berserk rage {unknown}
 u - 4 potions of heal wounds {unknown}
 N - a potion of resistance {unknown}
 O - 2 potions of haste {unknown}
 T - a potion of ambrosia {unknown}
 U - 4 potions of brilliance {unknown}
 W - a potion of cure mutation {unknown}
 Y - a potion of agility {unknown}
Books
 c - a book of Maledictions

   Spells                             Type                      Level
   a - Corona                         Hexes                        1
   b - Ensorcelled Hibernation        Hexes/Ice                    2
   c - Confuse                        Hexes                        3
   d - Tukima's Dance                 Hexes                        3
   e - Dazzling Spray                 Conjuration/Hexes            3
 J - a book of Spatial Translocations

   Spells                             Type                      Level
   a - Apportation                    Translocation                1
   b - Blink                          Translocation                2
   c - Shroud of Golubria             Charms/Translocation         2
   d - Portal Projectile              Translocation                3
   e - Teleport Other                 Translocation                3
   f - Passage of Golubria            Translocation                4
Miscellaneous
 n - a phial of floods
 s - a plain deck of defence {drawn: 1}
 H - a stone of tremors (inert)
 S - a crystal ball of energy


   Skills:
 + Level 4.5 Fighting
 + Level 4.9 Short Blades
 + Level 1.2 Throwing
 + Level 9.6 Dodging
 * Level 22.9 Stealth
 + Level 9.0 Spellcasting
 + Level 1.1 Conjurations
 + Level 12.3 Hexes
 + Level 7.8 Ice Magic
 + Level 0.4 Air Magic
 - Level 0.1 Evocations


You had 11 spell levels left.
You knew the following spells:

 Your Spells              Type           Power        Failure   Level  Hunger
a - Corona                Hex            ######.      1%          1    None
b - Ensorcelled Hibernat  Hex/Ice        ######       1%          2    None
c - Tukima's Dance        Hex            ######..     1%          3    None
d - Dazzling Spray        Conj/Hex       ####....     1%          3    None
e - Apportation           Tloc           #.........   12%         1    None
f - Blink                 Tloc           N/A          14%         2    None
g - Mephitic Cloud        Conj/Pois/Air  #.......     24%         3    None
h - Yara's Violent Unrav  Hex/Trmt       ####......   24%         5    #####..


Dungeon Overview and Level Annotations

Branches:
Dungeon (10/15)            Temple (0/1) D:7            Lair (6/8) D:10
 Shoals (1/4) Lair:6        Snake (0/4) Lair:6        Slime (0/6) Lair:6
    Orc: D:9-12

Altars:
Ashenzari
Dithmenos
Fedhas
Gozag
Nemelex Xobeh
Okawaru
Qazlal
Ru
Trog
Vehumet
Xom
Yredelemnul
Zin
The Shining One

Shops:
D:5 *

Annotations:
D:3 George's ghost, amateur FoFi
D:4 bl4d3's ghost, novice GrFE
D:8 exclusion: statue


Innate Abilities, Weirdness & Mutations

You heal slowly.
You have razor-sharp teeth.
You have supernaturally acute eyesight.
You can survive without breathing.


Message History

Moving in this stuff is going to be slow.
The harpy claws you. The harpy claws you but does no damage.
The harpy claws you!
* * * LOW HITPOINT WARNING * * *
The harpy misses you.
The siren chants a haunting song.
You resist with some effort. The harpy completely misses you.
The harpy closely misses you.
As you read the scroll of teleportation, it crumbles to dust.
You feel strangely unstable. The harpy claws you but does no damage.
The harpy claws you!
* * * LOW HITPOINT WARNING * * *
The harpy claws you!
* * * LOW HITPOINT WARNING * * *
The harpy claws you.
* * * LOW HITPOINT WARNING * * *
The harpy misses you. x2
The siren chants its luring song.
The harpy claws you!
You die...

≈≈≈≈≈≈≈≈H≈≈≈≈≈≈..# ##.....
≈≈≈≈≈≈≈≈≈≈≈≈≈≈≈..# #..≈...
.≈≈≈≈≈≈≈≈≈≈≈≈≈...# #......
..≈≈≈..≈≈≈≈≈≈)≈..# #......
...≈≈≈≈≈≈≈≈≈≈≈≈.# #..###.
.....≈.)≈≈≈≈≈≈..## ##.###.
....≈≈≈≈≈≈≈≈..≈..#######..
##..≈≈m≈cHH...≈≈...###....
#......†@.(...≈....###...
#...###..≈H(..........##..
... #.....#.........%...
.. #.......≈≈≈......... .
....#.....≈≈≈≈≈....≈≈
........≈≈≈≈≈≈≈≈≈≈≈≈≈≈
.≈≈.≈≈.≈≈≈≈≈≈≈≈≈≈≈≈≈≈≈≈
≈≈m≈≈≈.≈≈≈≈≈≈≈≈≈≈≈≈≈≈≈≈
...≈≈≈≈≈≈≈≈≈≈≈≈≈


You could see a faun, 2 sirens and 3 harpies.

Vanquished Creatures
  Maud (D:10)
  A minotaur (Lab)
  5 hydras
  A tengu warrior (D:10)
  Urug (Lair:2)
  3 sea snakes (Shoals:1)
  A hill giant (D:10)
  Pikel (D:9)
  An unseen horror (D:10)
  4 harpies (Shoals:1)
  An orc sorcerer (Volcano)
  3 griffons
  A faun (Shoals:1)
  3 sirens
  4 elephants (Lair:2)
  A water nymph (Shoals:1)
  3 black mambas
  12 spiny frogs
  3 rime drakes
  6 komodo dragons
  4 merfolk
  2 polar bears
  A troll (D:9)
  19 blink frogs
  A slime creature (Lair:1)
  A boulder beetle (Lair:4)
  2 snapping turtles (Shoals:1)
  Sigmund (D:3)
  A vampire (D:7)
  A water elemental (Shoals:1)
  A fire bat (Volcano)
  A hog (D:8)
  A human (D:8)
  Grum (D:10)
  6 basilisks
  35 yaks
  7 hippogriffs
  2 steam dragons
  A mottled dragon (shapeshifter) (D:10)
  A mottled dragon (Lair:6)
  4 nagas (Lair:6)
  9 water moccasins
  A hell hound (D:10)
  Duvessa (D:6)
  14 porcupines
  2 sky beasts (D:7)
  7 orc warriors
  A black bear (Lair:3)
  An ice beast (D:7)
  6 ogres
  3 phantoms
  27 wolves
  3 centaurs
  3 crocodiles
  3 big kobolds
  Blork the orc (D:5)
  9 giant frogs
  A gnoll sergeant (D:8)
  Dowan (D:5)
  A wyvern skeleton (D:9)
  A scorpion (D:6)
  4 killer bees (D:7)
  3 wights (D:6)
  2 howler monkeys (D:10)
  An electric eel (Lair:3)
  5 crimson imps
  2 lava snakes (Volcano)
  A giant frog zombie (D:7)
  11 jellies
  A quasit (D:9)
  A centaur skeleton (D:4)
  4 hounds
  3 orc priests
  6 orc wizards
  Crazy Yiuf (D:3)
  Ijyb (D:3)
  6 iguanas
  4 worker ants
  Terence (D:3)
  14 sheep
  A hound zombie (D:7)
  A mummy (D:7)
  2 hound skeletons (D:5)
  Robin (D:3)
  10 gnolls
  10 adders
  34 river rats
  2 shadow imps (D:8)
  9 oozes (Lair:1)
  An adder skeleton (D:9)
  4 worms
  3 dart slugs
  6 giant geckos
  34 orcs
  13 bats
  5 giant cockroaches
  11 goblins
  13 hobgoblins
  5 jackals
  15 kobolds
  7 quokkas
  3 ball pythons (D:6)
  3 giant gecko skeletons
  4 giant newts
  2 hobgoblin zombies (D:7)
  A jackal skeleton (D:4)
  2 kobold zombies (D:7)
  3 quokka skeletons
  9 rats
  4 butterflies
533 creatures vanquished.

Vanquished Creatures (collateral kills)
  A yak (Lair:6)
  2 wights (D:6)
3 creatures vanquished.

Vanquished Creatures (others)
  3 dancing weapons (D:7)
  2 slaves (D:9)
  An adder (D:9)
  A bush (Lair:3)
  9 fungi
  10 plants
26 creatures vanquished.

Grand Total: 562 creatures vanquished

Notes
Turn   | Place    | Note
--------------------------------------------------------------
     0 | D:1      | dohliylev the Vampire Enchanter began the quest for the Orb.
     0 | D:1      | Reached XP level 1. HP: 13/13 MP: 3/3
   354 | D:1      | Reached XP level 2. HP: 14/19 MP: 5/5
   802 | D:1      | Learned a level 2 spell: Ensorcelled Hibernation
  1050 | D:2      | Found an iron altar of Okawaru.
  1076 | D:2      | Reached XP level 3. HP: 24/24 MP: 3/6
  1083 | D:2      | Reached skill level 5 in Hexes
  1158 | D:2      | Reached skill level 5 in Stealth
  1430 | D:2      | Reached XP level 4. HP: 31/31 MP: 4/7
  2027 | D:3      | Noticed Crazy Yiuf
  2031 | D:3      | Killed Crazy Yiuf
  2101 | D:3      | Noticed George's ghost (amateur FoFi)
  2199 | D:3      | Reached skill level 6 in Stealth
  2200 | D:3      | Noticed Robin
  2253 | D:3      | Reached skill level 1 in Fighting
  2268 | D:4      | Found a blossoming altar of Fedhas.
  2591 | D:3      | Killed Robin
  2591 | D:3      | Reached XP level 5. HP: 37/37 MP: 5/8
  2706 | D:3      | Found a bloodstained altar of Trog.
  2724 | D:3      | Found a shattered altar of Ashenzari.
  2773 | D:3      | Noticed Terence
  2779 | D:3      | Killed Terence
  2825 | D:3      | Found a shadowy altar of Dithmenos.
  2830 | D:3      | Became a worshipper of Dithmenos the Shadowed
  3107 | D:3      | Noticed Sigmund
  3193 | D:3      | Killed Sigmund
  3193 | D:3      | Reached skill level 7 in Stealth
  3193 | D:3      | Reached skill level 1 in Ice Magic
  3193 | D:3      | Reached XP level 6. HP: 43/43 MP: 3/10
  3224 | D:3      | Noticed Ijyb
  3231 | D:3      | Killed Ijyb
  3338 | D:3      | Noticed an ice beast
  3657 | D:4      | Found a sparkling altar of Nemelex Xobeh.
  3703 | D:4      | Found an iron altar of Okawaru.
  3704 | D:4      | Noticed bl4d3's ghost (novice GrFE)
  3946 | D:4      | Reached skill level 8 in Stealth
  4382 | D:5      | Entered Level 5 of the Dungeon
  4430 | D:5      | Reached * piety under Dithmenos
  4475 | D:5      | Reached XP level 7. HP: 48/48 MP: 1/11
  4658 | D:5      | Noticed Blork the orc
  4665 | D:5      | Killed Blork the orc
  4665 | D:5      | Reached skill level 9 in Stealth
  4875 | D:5      | Found Wehab's General Store.
  5023 | D:6      | Noticed Duvessa
  5023 | D:6      | Noticed Dowan
  5025 | D:6      | Killed Duvessa
  5025 | D:6      | Reached skill level 10 in Stealth
  5035 | D:5      | Killed Dowan
  5035 | D:5      | Reached XP level 8. HP: 54/54 MP: 4/12
  5125 | D:6      | Reached skill level 11 in Stealth
  5216 | D:6      | Learned a level 3 spell: Tukima's Dance
  5346 | D:6      | Learned a level 3 spell: Dazzling Spray
  5388 | D:6      | Reached ** piety under Dithmenos
  5394 | D:6      | Got a brightly glowing glaive
  5411 | D:6      | Got a smoking robe
  5524 | D:6      | Reached skill level 5 in Dodging
  6036 | D:6      | Reached skill level 12 in Stealth
  6327 | D:6      | Identified the +6 glaive of Dullness {freeze, rElec Int+4} (You found it on level 6 of the Dungeon)
  6375 | D:7      | Found a shimmering altar of Xom.
  6573 | D:7      | Found a stormy altar of Qazlal.
  6629 | D:7      | Found a glowing silver altar of Zin.
  6709 | D:7      | Found a staircase to the Ecumenical Temple.
  6797 | D:7      | Found a sacrificial altar of Ru.
  6830 | D:7      | Reached XP level 9. HP: 61/61 MP: 15/15
  7092 | D:7      | Found a glowing golden altar of the Shining One.
  7095 | D:7      | Noticed an angel
  7139 | D:7      | Reached *** piety under Dithmenos
  7275 | D:7      | Found a basalt altar of Yredelemnul.
  7277 | D:7      | Noticed a profane servitor
  7866 | D:7      | Identified the +1 robe "Itixyef" {rPois rF++ Dex+4} (You found it on level 6 of the Dungeon)
  7934 | D:7      | Reached skill level 13 in Stealth
  8544 | D:8      | Found a radiant altar of Vehumet.
  8599 | D:8      | Found an opulent altar of Gozag.
  9245 | D:8      | Got a warped leather armour
  9417 | D:8      | Reached skill level 14 in Stealth
  9417 | D:8      | Reached skill level 5 in Spellcasting
  9601 | D:9      | Found a bloodstained altar of Trog.
  9733 | D:9      | Reached **** piety under Dithmenos
  9755 | D:9      | Noticed Pikel
  9761 | D:9      | Killed Pikel
  9761 | D:9      | Reached XP level 10. HP: 68/68 MP: 13/17
  9874 | D:9      | Reached skill level 15 in Stealth
 10405 | D:10     | Entered Level 10 of the Dungeon
 10415 | D:10     | Noticed an unseen horror
 10421 | D:10     | Killed an unseen horror
 10433 | D:10     | Noticed a tengu warrior
 10444 | D:10     | Killed a tengu warrior
 10505 | D:10     | Reached skill level 16 in Stealth
 10769 | D:10     | Noticed Grum
 10803 | D:10     | Killed Grum
 11638 | D:10     | Noticed a hill giant
 11699 | D:10     | Reached XP level 11. HP: 67/75 MP: 10/20
 11813 | D:10     | Killed a hill giant
 11813 | D:10     | Reached skill level 5 in Ice Magic
 11864 | D:10     | Found a staircase to the Lair.
 12057 | D:10     | Noticed Maud
 12202 | D:10     | Killed Maud
 12202 | D:10     | Reached skill level 17 in Stealth
 12676 | Lair:1   | Entered Level 1 of the Lair of Beasts
 12758 | Lair:1   | Reached skill level 10 in Hexes
 13108 | Lair:1   | Reached skill level 1 in Throwing
 13476 | Lair:1   | Learned a level 1 spell: Apportation
 13485 | Lair:1   | Reached ***** piety under Dithmenos
 13487 | Lair:1   | Reached skill level 18 in Stealth
 13607 | Lair:1   | Learned a level 2 spell: Blink
 13882 | Lair:1   | Noticed an eight-headed hydra
 13889 | Lair:1   | Killed an eight-headed hydra
 13944 | Lair:2   | Noticed an eight-headed hydra
 13946 | Lair:2   | Killed an eight-headed hydra
 14128 | Lair:2   | Reached XP level 12. HP: 83/83 MP: 8/22
 14281 | Lair:2   | Found a dark tunnel.
 14286 | Volcano  | Entered a volcano
 14628 | Volcano  | Found a bloodstained altar of Trog.
 14653 | Volcano  | Noticed Yawgmoth's ghost (journeyman GrEE)
 15021 | Volcano  | Identified the +3 leather armour of Gozag's Anger {+Blink rPois Str-3 Int+6} (You found it on level 8 of the Dungeon)
 16068 | Lair:2   | Reached skill level 19 in Stealth
 16200 | Lair:2   | Noticed Urug
 16207 | Lair:2   | Killed Urug
 16869 | Lair:2   | Noticed a six-headed hydra
 16875 | Lair:2   | Killed a six-headed hydra
 17075 | Lair:3   | Found a labyrinth entrance.
 17112 | Lab      | Entered a labyrinth
 18706 | Lab      | Noticed a minotaur
 18709 | Lab      | Killed a minotaur
 18709 | Lab      | Reached skill level 20 in Stealth
 18814 | Lab      | Learned a level 3 spell: Mephitic Cloud
 19079 | Lair:3   | Noticed a five-headed hydra
 19080 | Lair:3   | Noticed a six-headed hydra
 19087 | Lair:3   | Killed a five-headed hydra
 19091 | Lair:3   | Killed a six-headed hydra
 19355 | Lair:3   | Reached XP level 13. HP: 88/88 MP: 24/24
 19785 | Lair:3   | Got an ichor-stained scale mail
 19800 | Lair:3   | Identified the +3 scale mail of Greed {rF- rCorr Str+4} (You found it on level 3 of the Lair of Beasts)
 20039 | Lair:3   | Reached skill level 1 in Conjurations
 20050 | Lair:3   | Reached skill level 21 in Stealth
 22349 | Lair:6   | Found a staircase to the Snake Pit.
 22493 | Lair:6   | Reached skill level 22 in Stealth
 22606 | Lair:6   | Found a staircase to the Slime Pits.
 22964 | Lair:6   | Identified 2 scrolls of acquirement
 22967 | Lair:6   | Identified the Tome of Unholy Magic and Hexes (You acquired it on level 6 of the Lair of Beasts)
 22974 | Lair:6   | Learned a level 5 spell: Yara's Violent Unravelling
 23258 | Lair:6   | Found a staircase to the Shoals.
 23696 | Shoals:1 | Entered Level 1 of the Shoals
 24134 | Shoals:1 | Reached XP level 14. HP: 96/96 MP: 10/27
 24327 | Shoals:1 | HP: 1/96 [harpy (5)]
 24327 | Shoals:1 | Mangled by a harpy

Vault maps used:
D:1:      co_arrival_random_square_maze, minmay_misc_feat_four_crosses,
          minmay_door_square
D:2:      okawaru_metal_pillars_1_2
D:3:      nicolae_overflow_crystal_walls, grunt_dithmenos_smoke,
          lemuel_doored_altar, uniq_robin, uniq_terence,
          uniq_crazy_yiuf_cottage, uniq_iyjb, uniq_sigmund
D:4:      nemelex_deck, kennysheep_little_box, fedhas_altar_3, first_bread
D:5:      serial_shops, shop_statue, uniq_blork_the_orc
D:6:      uniq_duvessa
D:7:      grunt_temple_overflow_holy_war, old_standard_altar, kennysheep_mini,
          xom_butterflies, zin_scriptorium, minmay_temple_entry_butterflies,
          minmay_mini_ossuary
D:8:      grunt_gozag_statues, vehumet_statue, grunt_livestock, grunt_decor_cap
D:9:      bloody_trog, uniq_pikel
D:10:     minmay_lair_entry_lava, uniq_maud, uniq_grum
Lair:1:   lemuel_slime, grunt_megastairs_1
Lair:2:   enter_volcano_4, infiniplex_staircase_pool, grunt_megastairs_2,
          uniq_urug
Lair:3:   gammafunk_lair_bear_cave, lab_entry_generic, grunt_megastairs_3,
          infiniplex_staircase_pool_2, serial_bayou_shore_b
Lair:4:   lemuel_fruit_fields
Lair:5:   lemuel_fruit_tree
Lair:6:   elwin_shoals_entry_stream, minmay_snake_entry_guardpost_small,
          dpeg_slime_entry_corner, bobbens_dragon_lair_wall, lemuel_fruit_fields
Shoals:1: abandoned_shop
Volcano:  volcano_lake

Skill      XL: |  1  2  3  4  5  6  7  8  9 10 11 12 13 |
---------------+----------------------------------------+-----
Hexes          | 5 6 7 9 10 11 12 | 12.3
Stealth        | 5 6 7 8 10 12 14 16 18 20 22 | 22.9
Dodging        | 3 4 5 6 7 8 9 |  9.6
Fighting       | 1 2 3 4 |  4.5
Ice Magic      | 1 2 3 4 5 6 7 |  7.8
Short Blades   | 2 3 4 |  4.9
Spellcasting   | 3 4 5 6 7 9 |  9.0
Throwing       | 1 |  1.2
Conjurations   | 1 |  1.1
Air Magic      | |  0.4
Evocations     | |  0.1

Action                   |  1- 3 |  4- 6 |  7- 9 | 10-12 | 13-15 || total
-------------------------+-------+-------+-------+-------+-------++-------
Melee: Dagger            |   110 |   227 |   466 |   545 |   271 ||  1619
 Fire: Blowgun           |       |       |     9 |    14 |       ||    23
Throw: Throwing net      |       |       |       |     1 |       ||     1
 Cast: Ensorcelled Hiber |    10 |    53 |   101 |   186 |   152 ||   502
       Corona            |       |     5 |    10 |    17 |     2 ||    34
       Dazzling Spray    |       |       |    32 |    18 |    14 ||    64
       Tukima's Dance    |       |       |     5 |       |       ||     5
       Blink             |       |       |       |     1 |       ||     1
       Mephitic Cloud    |       |       |       |       |     3 ||     3
Invok: Shadow Step       |       |       |       |     2 |     1 ||     3
 Abil: End Transformatio |       |     9 |     2 |    10 |     2 ||    23
       Bat Form          |       |     9 |     2 |    10 |     2 ||    23
Evoke: Wand              |       |       |       |       |     9 ||     9
       Deck              |       |       |       |       |     1 ||     1
       Stone of tremors  |       |       |       |       |     1 ||     1
  Use: Scroll            |       |       |    11 |     7 |     8 ||    26
       Potion            |       |       |     3 |     7 |     1 ||    11
 Stab: Sleeping          |    21 |    42 |    85 |   145 |   122 ||   415
       Distracted        |       |     1 |     1 |     3 |       ||     5
       Invisible         |       |       |     2 |     1 |     2 ||     5
       Confused          |       |       |       |       |     1 ||     1
  Eat: Corpse            |    10 |     1 |       |       |       ||    11
